 Dungeon Crawl Stone Soup version 0.31-a0-851-g7ff8af7976 (webtiles) character file.

Game seed: 18443142665551826000

3763 Shayle the Grave Robber (level 9, 0/72 HPs)
             Began as a Demonspawn Reaver on Oct 5, 2023.
             Was an Initiate of Ashenzari.
             Slain by an orc high priest
             ... wielding a +0 broad axe
              (11 damage)
             ... in a bailey.
             The game lasted 00:34:38 (7701 turns).

Shayle the Grave Robber (Demonspawn Reaver)         Turns: 7701, Time: 00:34:38

Health: 0/72       AC: 15    Str: 12    XL:     9   Next: 94%
Magic:  0/19       EV: 10    Int: 32    God:    Ashenzari [......]
Gold:   960        SH:  4    Dex: 14    Spells: 17/21 levels left

rFire   + + +        t - +2 whip (elec)
rCold   + . .        q - +0 buckler
rNeg    + . .        z - +1 ring mail {rF+}
rPois   .            (helmet restricted)
rElec   +            b - +1 cloak of Asceticism {Rampage rC+ rN+ Int+3}
rCorr   +            (no gloves)
SInv    .            h - +1 pair of boots of Cynicism {rElec}
Will    .....        p - amulet of Zeox {Spirit rF++ Int+3 Dex+3 Stlth+}
Stlth   ++           y - ring of resist corrosion
HPRegen 0.32/turn    D - +6 ring of intelligence
MPRegen 0.16/turn

%: guardian spirit, rampage
@: no status effects
A: horns 1, slimy green scales 2, powered by pain 1, demonic magic 1
a: Renounce Religion, Curse Item


You were in a bailey.
You worshipped Ashenzari.
Ashenzari was noncommittal.
You visited 2 branches of the dungeon, and saw 8 of its levels.
You also visited: Bailey.

You collected 1324 gold pieces.
You spent 364 gold pieces at shops.

Inventory:

Hand Weapons
 a - a +0 spear
 t - a +2 whip of electrocution (weapon)
Armour
 b - the +1 cloak of Asceticism (worn) {Rampage rC+ rN+ Int+3}
   (You bought it in a shop on level 7 of the Dungeon)

   Int+3:     It affects your intelligence (+3).
   rC+:       It protects you from cold.
   rN+:       It protects you from negative energy.
   Rampage:   It bestows one free step when moving towards enemies.
 h - the +1 pair of boots of Cynicism (worn) {rElec}
   (You acquired it in a bailey)

   rElec:     It insulates you from electricity.
 m - a +4 scale mail of fire resistance
 q - a +0 buckler (worn)
 x - a +0 kite shield
 z - a +1 ring mail of fire resistance (worn)
 I - a +2 robe of fire resistance
Jewellery
 f - a ring of fire
 p - the amulet of Zeox (around neck) {Spirit rF++ Int+3 Dex+3 Stlth+}
   (You found it on level 2 of the Dungeon)

   [amulet of guardian spirit]

   Spirit:    It causes incoming damage to be divided between your reserves of
   health and magic.
   Int+3:     It affects your intelligence (+3).
   Dex+3:     It affects your dexterity (+3).
   rF++:      It greatly protects you from fire.
   Stlth+:    It makes you more stealthy.
 u - an amulet of reflection
 y - a ring of resist corrosion (left hand)
 D - a +6 ring of intelligence (right hand)
Wands
 g - a wand of digging (5)
 E - a wand of flame (4)
Scrolls
 j - a scroll of blinking
 v - 2 scrolls of revelation
 B - a scroll of teleportation
Potions
 c - 2 potions of magic
 i - 3 potions of attraction
 n - a potion of resistance {unknown}
 s - a potion of cancellation {unknown}
 A - a potion of brilliance {unknown}
 F - a potion of ambrosia {unknown}
 H - 3 potions of curing {unknown}


   Skills:
 + Level 7.4 Fighting
 - Level 2.6 Polearms
 + Level 6.4 Armour
 - Level 1.7 Dodging
 + Level 6.8 Spellcasting
 - Level 3.0 Conjurations
 + Level 7.6 Necromancy


You had 17 spell levels left.
You knew the following spells:

 Your Spells              Type           Power      Damage    Failure   Level
a - Kiss of Death         Conj/Necr      100%       2d13      1%          1
b - Hailstorm             Conj/Ice       20%        3d6       21%         3

Your spell library contained the following spells:

 Spells                   Type           Power      Damage    Failure   Level
 Momentum Strike          Conj/Tloc      40%        3d9       11%         2
 Animate Armour           Summ/Erth      20%        N/A       77%         4
 Summon Lightning Spire   Summ/Air       10%        N/A       77%         4
 Lee's Rapid Deconstruct  Erth           5%         3d6*      98%         5


Dungeon Overview and Level Annotations

Branches:
Dungeon (7/15)             Temple (1/1) D:6          Bailey (1/1)

Altars:
Ashenzari
Cheibriados
Fedhas
Gozag
Hepliaklqana
Kikubaaqudgha
Nemelex Xobeh
Okawaru
Qazlal
Ru
Sif Muna
Trog
Uskayaw
Vehumet
Xom

Shops:
D:4 (   D:7 [*


Innate Abilities, Weirdness & Mutations

You have a pair of small horns on your head.
You are mostly covered in slimy green scales. (AC +3)
You sometimes gain a little power by taking damage.
Spells you cast may paralyse adjacent enemies.


Message History

You hit the orc high priest but do no damage.
Your headbutt misses the orc high priest.
The orc high priest is moderately wounded.
The orc high priest hits you with a +0 broad axe!
The orc high priest hits you but does no damage.
You completely miss the orc high priest.
You headbutt the orc high priest.
The orc high priest is heavily wounded.
The orc high priest hits you with a +0 broad axe!
You hit the orc high priest but do no damage.
The orc high priest is heavily wounded.
The orc high priest mumbles some strange prayers to Beogh against you.
Pain shoots through your body!
You hit the orc high priest.
The orc high priest is heavily wounded.
The orc high priest invokes the aid of Beogh against you.
Beogh smites you!
* * * LOW HITPOINT WARNING * * *
Your magical contamination has completely faded away.
You hit the orc high priest but do no damage.
The orc high priest is heavily wounded.
The orc high priest hits you with a +0 broad axe.
* * * LOW HITPOINT WARNING * * *
Unknown command.
You closely miss the orc high priest.
Your headbutt misses the orc high priest.
The orc high priest is heavily wounded.
You block the orc high priest's attack.
The orc high priest hits you with a +0 broad axe.
* * * LOW HITPOINT WARNING * * *
Unknown command.
You closely miss the orc high priest.
The orc high priest is heavily wounded.
The orc high priest hits you with a +0 broad axe!
* * * LOW HITPOINT WARNING * * *
Unknown command.
You hit the orc high priest but do no damage.
The orc high priest is heavily wounded.
The orc high priest hits you with a +0 broad axe!
You die...

#≈≈≈≈≈≈≈≈o.#.8#############
#≈≈≈≈≈≈≈≈~.#.....#######...
#≈≈≈≈≈≈≈≈~.#.8...#.....#...
#≈≈≈≈≈≈≈≈~.#.....#.....#...
#≈≈≈≈≈≈≈≈#'####..#..⌠..#).#
#≈≈≈≈≈≈≈≈#....#..'.)...'..#
#≈≈≈≈≈≈≈≈#.)..#..')....'..#
#≈≈≈≈≈≈≈≈###..#####'''#####
#≈≈≈≈≈≈≈≈#@o4.#...))......#
#≈≈≈≈≈≈≈≈######~~~~...~~~~#
#≈≈≈≈≈≈≈≈≈≈≈≈≈≈≈≈≈≈...≈≈≈≈≈
#≈≈≈≈≈≈≈≈≈≈≈≈≈≈≈≈≈≈...≈≈≈≈≈
#≈≈≈≈≈≈≈≈≈≈≈≈≈≈≈≈≈≈...≈≈≈≈≈
#≈≈≈≈≈≈≈≈≈≈≈≈≈≈≈≈≈≈...≈≈≈≈≈
#≈≈≈≈≈≈≈≈≈≈≈≈≈≈≈.........≈≈
#################.......###
#.......#


You could see an orc high priest and an ice devil (summoned).

Vanquished Creatures
  An orc knight (Bailey)
  A kobold demonologist (Bailey)
  Sigmund (D:3)
  A water moccasin (D:5)
  8 orc warriors (Bailey)
  An ogre (D:5)
  A phantom (D:7)
  2 centaurs
  A kobold brigand (D:6)
  Blork the orc (D:4)
  A gnoll sergeant (D:5)
  3 scorpions
  4 wights
  A howler monkey (D:6)
  5 electric eels (Bailey)
  A gnoll bouda (D:5)
  2 orc priests
  7 hounds
  Terence (D:3)
  2 sleepcaps
  Ijyb (D:5)
  2 iguanas (D:5)
  3 orc wizards
  Robin (D:4)
  10 adders
  14 gnolls
  A shadow imp (D:3)
  2 white imps
  An ufetubus (D:5)
  5 worms
  2 dart slugs
  20 orcs
  6 bats
  5 endoplasms
  2 giant cockroaches (D:1)
  21 goblins
  12 hobgoblins
  7 kobolds
  2 quokkas
  8 ball pythons
  2 frilled lizards
  9 rats
181 creatures vanquished.

Vanquished Creatures (collateral kills)
  An orc warrior (Bailey)
  A gnoll (Bailey)
  An orc (Bailey)
3 creatures vanquished.

Vanquished Creatures (others)
  2 gnolls (D:7)
2 creatures vanquished.

Grand Total: 186 creatures vanquished

Notes
Turn   | Place    | Note
-------+----------+-------------------------------------------
     0 | D:1      | Shayle the Demonspawn Reaver began the quest for the Orb.
     0 | D:1      | Reached XP level 1. HP: 16/16 MP: 3/3
   194 | D:1      | Gained mutation: You have a pair of small horns on your
                  | head. [demonic ancestry]
   194 | D:1      | Reached XP level 2. HP: 17/17 MP: 5/5
   244 | D:1      | Reached skill level 1 in Necromancy
   453 | D:1      | Reached skill level 1 in Armour
   870 | D:2      | Reached XP level 3. HP: 12/28 MP: 6/6
   991 | D:2      | You fall into a shaft and drop 2 floors!
  1145 | D:3      | Noticed Terence
  1175 | D:3      | Killed Terence
  1283 | D:2      | Identified the amulet of Zeox {Spirit rF++ Int+3 Dex+3
                  | Stlth+}
  1302 | D:2      | Gained mutation: Spells you cast may paralyse adjacent
                  | enemies. [demonic ancestry]
  1302 | D:2      | Reached XP level 4. HP: 32/32 MP: 7/7
  1340 | D:2      | Found a faded altar of an unknown god.
  2003 | D:3      | Noticed Sigmund
  2383 | D:3      | Gained mutation: You sometimes gain a little power by
                  | taking damage. [demonic ancestry]
  2383 | D:3      | Reached XP level 5. HP: 36/41 MP: 7/9
  2545 | D:3      | Killed Sigmund
  2546 | D:3      | Gained mutation: You are partially covered in slimy green
                  | scales. (AC +2) [demonic ancestry]
  2546 | D:3      | Reached XP level 6. HP: 39/48 MP: 7/11
  3090 | D:4      | Found Zeiful's Antique Weapon Shop.
  3230 | D:4      | Noticed Blork the orc
  3342 | D:4      | Noticed Robin
  3467 | D:5      | Entered Level 5 of the Dungeon
  3477 | D:5      | Gained mutation: You are mostly covered in slimy green
                  | scales. (AC +3) [demonic ancestry]
  3477 | D:5      | Reached XP level 7. HP: 47/54 MP: 10/12
  3543 | D:5      | Noticed Ijyb
  3566 | D:5      | Killed Ijyb
  4697 | D:4      | Reached skill level 5 in Fighting
  4697 | D:4      | Reached XP level 8. HP: 62/62 MP: 14/14
  4749 | D:4      | Killed Robin
  4784 | D:4      | Killed Blork the orc
  4990 | D:5      | Reached skill level 5 in Necromancy
  5535 | D:6      | Found a staircase to the Ecumenical Temple.
  5563 | Temple   | Entered the Ecumenical Temple
  5573 | Temple   | Became a worshipper of Ashenzari the Shackled
  5628 | D:6      | Reached skill level 5 in Spellcasting
  6172 | D:6      | Reached skill level 5 in Armour
  6441 | D:7      | Found Yprucit's Assorted Antiques.
  6449 | D:7      | Bought a crude cloak for 256 gold pieces
  6449 | D:7      | Identified the +1 cloak of Asceticism {Rampage rC+ rN+
                  | Int+3} (You bought it in a shop on level 7 of the Dungeon)
  6449 | D:7      | Bought a blackened bronze wand for 108 gold pieces
  6546 | D:7      | Reached XP level 9. HP: 50/69 MP: 15/17
  6594 | D:7      | Found Soxanlit's Armour Emporium.
  6608 | D:7      | Found a flagged portal.
  6614 | Bailey   | Entered a bailey
  6721 | Bailey   | Noticed an orc knight
  6756 | Bailey   | HP: 2/70 [orc knight/+0 war axe (2)]
  6762 | Bailey   | Killed an orc knight
  6984 | Bailey   | Learned a level 3 spell: Hailstorm
  7001 | Bailey   | Noticed a kobold demonologist
  7017 | Bailey   | Killed a kobold demonologist
  7258 | Bailey   | Acquired the +1 pair of boots of Cynicism {rElec}
  7294 | Bailey   | Acquired 876 gold pieces
  7456 | Bailey   | Noticed an orc knight
  7561 | Bailey   | Noticed an orc knight
  7562 | Bailey   | Found an iron altar of Okawaru.
  7562 | Bailey   | Noticed an orc high priest
  7587 | Bailey   | Noticed a red devil
  7692 | Bailey   | Noticed an ice devil
  7692 | Bailey   | Noticed a hellwing
  7692 | Bailey   | Noticed an ice devil
  7701 | Bailey   | Slain by an orc high priest

Illustrated notes

Levels and vault maps discovered:
D:1:      minmay_arrival_pointy, layout_rooms
D:2:      layout_basic, hellmonk_ecumenical_altar_pennies_from_heaven,
          roderic_cross_of_infinity
D:3:      layout_loops_ring, amethyst_killhole, kennysheep_boxes, uniq_terence,
          uniq_sigmund
D:4:      layout_cave_pools, serial_shops, shop, uniq_robin, uniq_blork_the_orc
D:5:      nicolae_cairo_tiling_large, layout_layer_cave, minivault_25, uniq_ijyb
D:6:      layout_gridville, minmay_temple_entry_large_hall
D:7:      layout_layer_cave, serial_shops, nicolae_shop_tiny_statue_garden,
          nicolae_shop_tiny_statue_garden,
          nicolae_shop_competitors_out_of_business, nicolae_shop_trees,
          enter_bailey_2
Temple:   compressed_dpeg_triangle_lava_temple
Bailey:   bailey_axe_of_yendor_kennysheep, bailey

Skill      XL: |  1  2  3  4  5  6  7  8  9 |
---------------+----------------------------+-----
Necromancy     | 1 2 3 4 6 7 |  7.6
Armour         | 1 2 3 4 5 6 |  6.4
Fighting       | 3 4 5 6 7 |  7.4
Spellcasting   | 3 4 5 6 |  6.8
Polearms       | |  2.6
Dodging        | |  1.7
Conjurations   | |  3.0

Action                     |  1- 3 |  4- 6 |  7- 9 || total
---------------------------+-------+-------+-------++-------
  Melee: Spear             |   108 |    63 |       ||   171
         Headbutt          |    13 |    38 |    85 ||   136
         Punch             |     4 |       |       ||     4
         Whip              |       |   131 |   356 ||   487
   Cast: Kiss of Death     |     3 |       |       ||     3
         Hailstorm         |       |       |     5 ||     5
  Evoke: Wand              |       |       |    34 ||    34
    Use: Potion            |     2 |       |     5 ||     7
         Scroll            |       |     5 |    13 ||    18
   Stab: Sleeping          |       |     2 |     2 ||     4
 Armour: Leather armour    |    10 |       |       ||    10
         Ring mail         |    54 |    21 |   159 ||   234
         Skin              |     7 |       |     4 ||    11
         Scale mail        |       |   137 |   170 ||   307
  Dodge: Dodged            |    53 |    71 |   165 ||   289
  Block: Buckler           |       |    32 |    79 ||   111

Table legend: (Time is in decaauts)
 A = Elapsed time spent in this place.
 B = Non-inter-level travel time spent in this place.
 C = Inter-level travel time spent in this place.
 D = Time resting spent in this place.
 E = Time spent auto-exploring this place.
 F = Levels seen in this place.
 G = Mean time per level.
                   A        B        C        D        E       F      G
               +--------+--------+--------+--------+--------+-----+--------+
         Total |   7827 |   7344 |    483 |   1408 |   3265 |   9 |  869.7 |
       Dungeon |   6566 |   6102 |    464 |    759 |   3238 |   7 |  938.0 |
        Temple |    155 |    136 |     19 |     80 |      0 |   1 |  155.0 |
        Bailey |   1104 |   1104 |      0 |    569 |     27 |   1 | 1104.0 |
               +--------+--------+--------+--------+--------+-----+--------+

Top non-repeatable levels by time:
     D:3: 1492 daAuts
     D:5: 1347 daAuts
  Bailey: 1104 daAuts
     D:2: 1072 daAuts
     D:4: 925 daAuts
     D:6: 915 daAuts
     D:1: 617 daAuts
     D:7: 196 daAuts
  Temple: 155 daAuts
